 Dungeon Crawl Stone Soup version 0.28-a0-722-gc0678643b6 (webtiles) character file.

Game seed: 7297129227623964898

40 Ijustatesigmund the Shield-Bearer (level 3, -1/35 HPs)
             Began as a Gnoll Fighter on Oct 25, 2021.
             Slain by Robin (3 damage)
             ... on level 2 of the Dungeon.
             The game lasted 00:01:23 (1172 turns).

Ijustatesigmund the Shield-Bearer (Gnoll Fighter)   Turns: 1172, Time: 00:01:24

Health: -1/35      AC:  7    Str: 15    XL:     3   Next: 50%
Magic:  3/4        EV:  9    Int:  8    God:
Gold:   44         SH:  5    Dex: 11    Spells: 3/3 levels left

rFire   . . .      SeeInvis .   a - +0 war axe
rCold   . . .      Faith    .   c - +0 buckler
rNeg    . . .      Spirit   .   b - +0 scale mail
rPois   .          Reflect  .   (no helmet)
rElec   .          Harm     .   (no cloak)
rCorr   .          Rampage  .   (no gloves)
Will    .....                   (no boots)
Stlth   ..........              (no amulet)
HPRegen 0.11/turn               (no ring)
MPRegen 0.09/turn               (no ring)

@: brilliant
A: fangs 1, strong nose, distributed training
a: no special abilities


You were on level 2 of the Dungeon.
You visited 1 branch of the dungeon, and saw 2 of its levels.

You collected 44 gold pieces.

Inventory:

Hand Weapons
 a - a +0 war axe (weapon)
Armour
 b - a +0 scale mail (worn)
 c - a +0 buckler (worn)
Scrolls
 e - 3 scrolls of identify {unknown}
 h - a scroll of enchant armour {unknown}
 i - a scroll of holy word {unknown}
Potions
 d - 2 potions of might


   Skills:
 + Level 6.5 Fighting
 + Level 0.8 Short Blades
 + Level 0.8 Long Blades
 + Level 4.5 Axes
 + Level 0.8 Maces & Flails
 + Level 0.8 Polearms
 + Level 0.8 Staves
 + Level 0.8 Slings
 + Level 0.8 Bows
 + Level 0.8 Crossbows
 + Level 0.8 Throwing
 + Level 6.5 Armour
 + Level 0.8 Dodging
 + Level 0.8 Stealth
 + Level 6.5 Shields
 + Level 0.8 Unarmed Combat
 + Level 0.8 Spellcasting
 + Level 0.5 Conjurations
 + Level 0.5 Hexes
 + Level 0.5 Summonings
 + Level 0.5 Necromancy
 + Level 0.5 Translocations
 + Level 0.5 Transmutations
 + Level 0.5 Fire Magic
 + Level 0.5 Ice Magic
 + Level 0.5 Air Magic
 + Level 0.5 Earth Magic
 + Level 0.5 Poison Magic
 + Level 1.0 Invocations
 + Level 0.8 Evocations


You had 3 spell levels left.
You didn't know any spells.
Your spell library contained the following spells:

 Spells                   Type           Power      Damage    Failure   Level
 Animate Skeleton         Necr           2%         N/A       73%         1
 Pain                     Necr           4%         1d4       73%         1
 Vampiric Draining        Necr           0%         2d6       97%         3


Dungeon Overview and Level Annotations

Branches:
Dungeon (2/15)

Altars:

Annotations:
D:2 Robin


Innate Abilities, Weirdness & Mutations

You have very sharp teeth.
Your uncanny sense of smell can sniff out nearby items.
Your experience applies equally to all skills.


Message History

The adder is heavily wounded.
You feel sick.
Robin struggles against the net.
The adder struggles against the net.
You block the hobgoblin's attack.
Robin struggles against the net.
The net rips apart, and Robin comes free!
You hit the adder.
The adder is severely wounded.
You hit Robin but do no damage. You hit the hobgoblin.
You feel sick.
The adder struggles against the net.
The hobgoblin barely misses you. Robin barely misses you.
The adder struggles against the net.
You slash the adder!
You kill the adder!
You closely miss the hobgoblin. You hit Robin but do no damage.
You feel sick.
You are no longer poisoned.
The hobgoblin hits you but does no damage.
Robin hits you but does no damage. The hobgoblin hits you.
* * * LOW HITPOINT WARNING * * *
Your Invocations skill increases to level 1!
It was a potion of brilliance.
You feel clever all of a sudden. Robin hits you with a +0 mace.
* * * LOW HITPOINT WARNING * * *
You block the hobgoblin's attack.
You hit Robin.
Robin is heavily wounded.
You hit the hobgoblin.
You kill the hobgoblin!
Robin hits you but does no damage.
You hit Robin.
Robin is severely wounded.
Robin hits you but does no damage. Robin hits you with a +0 mace.
* * * LOW HITPOINT WARNING * * *
You closely miss Robin.
Robin is severely wounded.
Robin closely misses you.
You hit Robin.
Robin is almost dead.
Robin says, "Duck!"
Robin hits you with a +0 mace.
You die...

#########
#...@...#
#..†g...#
#.......#
...........
###.......##..
#........ #
#.........
###.####.##


You could see Robin.

Vanquished Creatures
  An adder (D:2)
  3 endoplasms (D:1)
  8 hobgoblins
  A quokka (D:1)
  4 ball pythons (D:1)
  2 bats (D:1)
  7 goblins (D:1)
  2 kobolds (D:1)
  2 rats (D:1)
30 creatures vanquished.

Vanquished Creatures (others)
  A fungus (D:2)
  4 plants (D:2)
5 creatures vanquished.

Grand Total: 35 creatures vanquished

Notes
Turn   | Place    | Note
-------+----------+-------------------------------------------
     0 | D:1      | Ijustatesigmund the Gnoll Fighter began the quest for the
                  | Orb.
     0 | D:1      | Reached XP level 1. HP: 23/23 MP: 1/1
   227 | D:1      | Reached XP level 2. HP: 29/29 MP: 2/2
   686 | D:2      | Noticed Robin
   767 | D:1      | Reached XP level 3. HP: 28/35 MP: 3/3
  1168 | D:2      | Reached skill level 1 in Invocations
  1172 | D:2      | Slain by Robin

Illustrated notes

Levels and vault maps discovered:
D:1:      beargit_arrival_greenhouse, layout_basic
D:2:      layout_loops_ring, shapermc_ecumenical_altar_gd, serial_shops, shop,
          basic_altar, minmay_rat_hole, uniq_robin

Skill      XL: |  1  2  3 |
---------------+----------+-----
Invocations    | 1 |  1.0
Fighting       | |  6.5
Short Blades   | |  0.8
Long Blades    | |  0.8
Axes           | |  4.5
Maces & Flails | |  0.8
Polearms       | |  0.8
Staves         | |  0.8
Slings         | |  0.8
Bows           | |  0.8
Crossbows      | |  0.8
Throwing       | |  0.8
Armour         | |  6.5
Dodging        | |  0.8
Stealth        | |  0.8
Shields        | |  6.5
Unarmed Combat | |  0.8
Spellcasting   | |  0.8
Conjurations   | |  0.5
Hexes          | |  0.5
Summonings     | |  0.5
Necromancy     | |  0.5
Translocations | |  0.5
Transmutations | |  0.5
Fire Magic     | |  0.5
Ice Magic      | |  0.5
Air Magic      | |  0.5
Earth Magic    | |  0.5
Poison Magic   | |  0.5
Evocations     | |  0.8

Action                   || total
-------------------------++-------
Melee: War axe           ||    61
       Bite              ||     6
Throw: Throwing net      ||     2
  Use: Potion            ||     1
 Stab: Held in net/web   ||     1
Armor: Scale mail        ||    24
Dodge: Dodged            ||    30
Block: Buckler           ||    22

Table legend: (Time is in decaauts)
 A = Elapsed time spent in this place.
 B = Non-inter-level travel time spent in this place.
 C = Inter-level travel time spent in this place.
 D = Time resting spent in this place.
 E = Time spent auto-exploring this place.
 F = Levels seen in this place.
 G = Mean time per level.
                   A        B        C        D        E       F      G
               +--------+--------+--------+--------+--------+-----+--------+
         Total |   1191 |   1172 |     19 |    438 |    575 |   2 |  595.5 |
       Dungeon |   1191 |   1172 |     19 |    438 |    575 |   2 |  595.5 |
               +--------+--------+--------+--------+--------+-----+--------+

Top non-repeatable levels by time:
     D:1: 1155 daAuts
     D:2: 35 daAuts
